Map: Ultralove

Players

Classic

  • Race: Protoss Protoss
  • Spawn Location: 1:00

LiquidClem (Clem) - Winner!

  • Race: Terran Terran
  • League: Master
  • Spawn Location: 7:00

Event: DreamHack Dallas 2025

VOD

Have the link to the VOD?

Description

Time

  • Played on: May 24, 2025, 2:14 p.m.
  • Length: 11:53

All games in this series

Show
View Real Time Build Order
Export as new Build Order

Classic Protoss 

Build Orders: 1 Gate Expand 

Get SALT Encoding   

  12  0:00  Probe  
  13  0:12  Probe  
  14  0:18  Pylon  
  14  0:23  Probe  
  15  0:31  Probe  
  15  0:36  Gateway  
  15  0:40  Probe  
  16  0:45  Assimilator  
  17  0:51  Probe  
  18  1:03  Probe  
  19  1:15  Probe  
  20  1:23  Cybernetics Core  
  20  1:30  Nexus  
  20  1:37  Pylon  
  20  1:40  Probe  
  20  1:46  Assimilator  
  21  1:49  Adept  
  21  1:52  Probe  
  22  2:00  Warp Gate  
  24  2:04  Probe  
  25  2:10  Stalker  
  25  2:11  Shield Battery  
  25  2:16  Probe  
  28  2:28  Probe  
  29  2:39  Probe, Twilight Council  
  29  2:40  Probe  
  29  2:43  Stalker  
  31  2:47  Probe  
  34  2:53  Probe  
  34  2:56  Probe  
  35  3:03  Stalker  
  35  3:04  Gateway  
  36  3:05  Probe  
  36  3:08  Probe  
  38  3:19  Probe  
  41  3:20  Probe  
  41  3:25  Pylon  
  42  3:30  Gateway  
  42  3:34  Pylon  
  42  3:38  Shield Battery  
  42  3:47  Pylon  
  42  3:50  Stalker  
  38  3:58  Stalker  
  38  3:59  Probe x2  
  42  4:09  Probe x2  
  41  4:13  Stalker  
  45  4:17  Probe x2  
  47  4:24  Stalker  
  47  4:25  Probe, Stalker  
  47  4:26  Probe  
  53  4:37  Stalker  
  55  4:40  Probe x2  
  55  4:43  Blink  
  55  4:53  Stalker  
  55  4:57  Stalker  
  54  5:04  Probe x2  
  54  5:11  Stalker  
  56  5:16  Probe x2  
  56  5:27  Probe x2, Stalker x2  
  58  5:35  Probe x2  
  58  5:43  Probe x2  
  60  5:51  Nexus  
  60  5:54  Probe  
  60  5:55  Probe  
  62  5:58  Pylon  
  62  6:07  Probe x2  
  62  6:08  Forge  
  62  6:13  Assimilator  
  62  6:19  Probe x2  
  62  6:24  Sentry  
  66  6:31  Probe  
  66  6:32  Probe  
  68  6:35  Charge  
  68  6:38  Gateway  
  68  6:43  Probe, Protoss Ground Weapons Level 1  
  68  6:44  Probe  
  70  6:52  Gateway  
  70  6:55  Gateway  
  70  6:56  Probe x2  
  70  6:57  Gateway  
  70  6:58  Gateway  
  72  7:04  Robotics Facility  
  72  7:05  Probe x2, Sentry  
  74  7:09  Probe  
  74  7:13  Probe x2  
  77  7:19  Zealot  
  77  7:20  Zealot  
  77  7:21  Probe  
  84  7:23  Probe x2  
  84  7:27  Pylon  
  84  7:29  Zealot  
  88  7:32  Zealot  
  88  7:33  Probe  
  91  7:37  Pylon  
  91  7:44  Pylon  
  91  7:45  Stalker x2  
  91  7:51  Zealot x2  
  91  7:53  Probe x3  
  91  7:55  Stalker x2  
  100  7:58  Stalker  
  100  8:01  Zealot  
  99  8:08  Zealot  
  99  8:11  Zealot x3  
  105  8:13  Observer  
  105  8:15  Probe x2  
  105  8:16  Probe  
  109  8:23  Stalker  
  109  8:24  Stalker  
  109  8:25  Zealot  
  115  8:33  Pylon  
  110  8:37  Pylon  
  108  8:42  Probe  
  108  8:43  Probe x2, Assimilator  
  108  8:46  Robotics Bay  
  109  8:49  Zealot  
  109  8:50  Zealot x2  
  109  8:52  Protoss Ground Weapons Level 2  
  109  8:53  Observer  
  116  9:08  Observer, Zealot  
  116  9:09  Zealot x4  
  126  9:12  Pylon  
  127  9:21  Nexus  
  127  9:23  Pylon  
  127  9:28  Pylon  
  127  9:29  Pylon  
  125  9:35  Colossus  
  115  9:43  Zealot x8  
  125  10:04  Zealot x8  
  133  10:19  Colossus  
  127  10:25  Sentry  
  127  10:26  Zealot x6  
  137  10:34  Zealot  
  128  10:46  Zealot x6  
  128  10:48  Stalker  
  124  10:56  Colossus, Zealot  
  77  11:06  Zealot x6  
  82  11:14  Sentry  
  90  11:23  Nexus  
  90  11:32  Stalker x2  
  86  11:33  Sentry x3  
  86  11:37  Stalker  
  94  11:42  Zealot x2  
Show
View Real Time Build Order
Export as new Build Order

LiquidClem Terran - Winner!

Build Orders: Liberator Opening 

Get SALT Encoding   

  12  0:00  SCV  
  13  0:12  SCV  
  14  0:17  Supply Depot  
  14  0:24  SCV  
  15  0:38  SCV  
  15  0:40  Barracks  
  16  0:42  Refinery  
  16  0:50  SCV  
  16  0:52  Refinery  
  17  1:03  SCV  
  18  1:15  SCV  
  19  1:27  Orbital Command, Reaper  
  19  1:30  Supply Depot  
  20  1:39  Factory  
  20  1:53  SCV  
  21  1:59  Barracks Reactor  
  21  2:05  SCV  
  22  2:15  Command Center  
  22  2:17  SCV  
  23  2:30  Starport, SCV  
  24  2:39  Hellion x2  
  24  2:44  Supply Depot  
  28  2:46  SCV  
  29  2:58  SCV  
  34  3:06  Hellion x2, Medivac  
  34  3:10  Barracks Tech Lab  
  34  3:12  SCV  
  36  3:24  SCV  
  37  3:36  Liberator, SCV  
  41  3:42  Marine x2  
  41  3:48  SCV, Siege Tank  
  48  3:58  Orbital Command  
  48  3:59  Marine x2  
  48  4:01  SCV  
  43  4:13  SCV  
  43  4:14  Barracks  
  44  4:19  Supply Depot, Marine x2  
  46  4:25  SCV x2  
  46  4:29  Siege Tank  
  50  4:37  Marine x2, SCV x2  
  51  4:46  Bunker  
  51  4:49  SCV x2  
  51  4:53  Barracks  
  51  4:55  Marine  
  51  4:57  Marine  
  51  5:01  SCV x2  
  52  5:08  Marine  
  52  5:13  Marine, SCV  
  52  5:14  SCV  
  55  5:16  Marine  
  53  5:25  SCV  
  53  5:26  Marine, SCV  
  54  5:28  Siege Tank  
  54  5:31  Marine  
  54  5:33  Medivac  
  57  5:37  Supply Depot, SCV  
  57  5:38  Marine, SCV  
  57  5:42  Barracks Tech Lab  
  60  5:46  Engineering Bay  
  60  5:47  Refinery  
  60  5:48  Marine  
  60  5:49  Marine  
  62  5:52  Supply Depot  
  62  5:58  Supply Depot  
  62  5:59  Marine, SCV x2  
  62  6:01  Stimpack, Marine  
  66  6:11  SCV x2  
  66  6:14  Supply Depot, Terran Infantry Weapons Level 1  
  68  6:19  Refinery, Starport Reactor, Combat Shield, Marine x4  
  68  6:23  SCV x2  
  68  6:25  Factory Reactor  
  74  6:33  Supply Depot  
  74  6:35  SCV x2  
  74  6:37  Marine x2  
  74  6:38  Marauder x2  
  82  6:47  SCV  
  82  6:49  Command Center  
  83  6:56  Medivac x2  
  91  7:01  Marauder x2  
  91  7:04  Widow Mine x2  
  95  7:08  Supply Depot, Marine x2  
  97  7:16  SCV  
  97  7:17  SCV  
  101  7:22  Marauder  
  101  7:26  Marine  
  101  7:29  Marine  
  102  7:30  Marauder, Widow Mine x2  
  109  7:40  Barracks  
  109  7:45  Barracks  
  109  7:50  SCV  
  109  7:54  Widow Mine  
  109  7:55  Widow Mine  
  109  7:57  Marine  
  110  7:58  Marine  
  110  8:00  Marauder x2, SCV x2, Medivac x2  
  116  8:12  Orbital Command  
  112  8:14  SCV x2  
  112  8:18  Supply Depot  
  112  8:19  Supply Depot  
  116  8:20  Widow Mine x2  
  116  8:21  Concussive Shells  
  116  8:22  Marauder  
  116  8:24  Marine  
  116  8:25  Marine  
  122  8:29  Marauder  
  122  8:33  Medivac  
  125  8:36  Barracks Tech Lab, Barracks Reactor  
  125  8:39  SCV  
  123  8:41  Orbital Command  
  123  8:42  Marine, Medivac  
  123  8:43  Marauder  
  123  8:44  SCV  
  123  8:46  Widow Mine x2  
  133  8:49  Marine  
  133  8:50  Marauder  
  133  8:51  SCV  
  133  8:52  Supply Depot  
  137  8:56  SCV  
  137  8:57  Terran Infantry Armor Level 1  
  138  9:03  Marauder, SCV  
  140  9:10  Marine  
  140  9:14  Marauder x2, Marine, SCV x2  
  140  9:15  SCV  
  149  9:22  Supply Depot, Marine x2  
  149  9:23  Widow Mine x2  
  155  9:27  Supply Depot  
  155  9:29  Marine  
  153  9:31  Ghost Academy  
  153  9:36  Viking  
  153  9:37  Marauder  
  153  9:38  Marauder x2, Marine  
  148  9:40  Marine  
  148  9:41  Marine  
  144  9:46  Marine  
  144  9:48  Widow Mine x2  
  144  9:50  Supply Depot  
  149  9:53  SCV  
  149  9:54  Viking  
  149  9:56  Marine  
  149  9:58  Marauder, Marine  
  149  9:59  Marauder x2  
  158  10:00  SCV  
  158  10:01  Marine  
  158  10:05  Supply Depot  
  158  10:06  Marine  
  161  10:11  Medivac  
  161  10:12  Widow Mine  
  165  10:14  Marine  
  165  10:18  Marine  
  165  10:19  Ghost  
  165  10:20  Marine  
  165  10:21  Marauder, Widow Mine  
  167  10:25  Armory  
  167  10:28  Marine  
  167  10:29  Ghost, Engineering Bay  
  167  10:33  Medivac  
  172  10:37  Refinery x2  
  172  10:41  Marine  
  172  10:44  Marine  
  172  10:45  Ghost  
  172  10:48  Marine  
  172  10:49  Marine, Widow Mine x2  
  167  10:52  Medivac  
  167  10:55  Marauder  
  149  10:59  Marauder, Marine  
  149  11:03  Medivac  
  137  11:04  Marine  
  136  11:13  Command Center, Marine  
  136  11:14  Marauder  
  139  11:21  Marine x2  
  139  11:23  Marauder  
  140  11:26  Widow Mine  
  140  11:27  Widow Mine  
  138  11:33  Marine x2  
Tags
 
Add a new tag
Caveats
  • Supply blocks, unpowered buildings, or Contaminate may cause inaccurate times.
  • Supply counts are checked every 10 seconds.